[Event "Team 45 45 League T26"]
[Site "Free Internet Chess Server"]
[Date "2005.03.17"]
[Round "1"]
[White "Ottawa"]
[Black "RomaLavrn"]
[Result "0-1"]
[WhiteElo "1676"]
[BlackElo "1820"]
[TimeControl "2700+45"]

1. e4 c6 2. Nf3 d5 3. exd5 cxd5 4. d4 Nc6 5. Nc3 Nf6 6. Bf4 e6 7. Be2 Bd6 8. Qd2 a6 9. a3 O-O 10. O-O-O b5 11. Qd3 Bxf4+ 12. Kb1 b4 13. Na4 Ne4 14. Rdf1 Rb8 15. g3 Bd6 16. h4 bxa3 17. b3 Qa5 18. Rd1 Qxa4 19. Ka2 Nb4+   {White resigns} 0-1

[Event "Team 45 45 League T26"]
[Site "Free Internet Chess Server"]
[Date "2005.03.18"]
[Round "1"]
[White "LLIAMAH"]
[Black "twinders"]
[Result "0-1"]
[WhiteElo "1727"]
[BlackElo "1616"]
[TimeControl "2700+45"]

1. e4 c5 2. Nf3 d6 3. d4 cxd4 4. Nxd4 Nf6 5. Nc3 a6 6. Bc4 e6 7. Bg5 Be7 8. O-O O-O 9. Qd3 Nbd7 10. f4 Re8 11. Kh1 Qc7 12. Qe2 b5 13. Bd3 Bb7 14. a3 Nc5 15. Rf2 Nxd3 16. cxd3 Nd7 17. Qd2 Bxg5 18. fxg5 Ne5 19. Rc1 Qb6 20. Nf3 Nxd3 21. Qxd3 Qxf2 22. Rc2 Qb6 23. e5 Bxf3 24. gxf3 dxe5 25. Qe2 Qd4 26. Ne4 Rac8 27. Rd2 Rc1+ 28. Kg2 Qg1+ 29. Kh3 Qf1+ 30. Qg2 Qxg2+ 31. Kxg2 Rec8 32. Nc3 a5 33. Kg3 b4 34. axb4 axb4 35. Na4 R1c2 36. Rd3 f6 37. gxf6 gxf6 38. Rd7 h5 39. Re7 R8c6 40. Rb7 Rd6 41. Rxb4 Rdd2 42. h3 Rg2+ 43. Kh4 Rh2 44. Kxh5 Rxh3+ 45. Kg4 Rhh2 46. f4 Rcg2+ 47. Kf3 exf4 48. Rb8+ Kf7 49. Rb7+ Kg6 50. Kxf4 e5+ 51. Ke4 Rg4+ 52. Kd5 Rxa4 53. b4 Rb2 54. b5 Kf5 55. Kd6 Rab4 56. Kc5 Rxb5+ 57. Rxb5 Rxb5+ 58. Kxb5 Ke4 59. Kc4 Ke3 60. Kc3 f5 61. Kc2 Ke2 62. Kc3 f4 63. Kc2 f3 64. Kc3 f2 65. Kc4 f1=Q 66. Kc3 Ke3 67. Kc2 Qd3+ 68. Kb2 Qc4 69. Kb1 Kd3 70. Kb2 e4 71. Kb1 e3 72. Kb2 e2 73. Ka3 e1=Q 74. Kb2 Qec1#   {White checkmated} 0-1

[Event "Team 45 45 League T26"]
[Site "Free Internet Chess Server"]
[Date "2005.03.19"]
[Round "1"]
[White "AlesD"]
[Black "jjgsmm"]
[Result "1-0"]
[WhiteElo "1636"]
[BlackElo "1503"]
[TimeControl "2700+45"]

1. d4 Nf6 2. e3 d5 3. Bd3 Nc6 4. Nf3 Bg4 5. Nbd2 e5 6. dxe5 Nxe5 7. Be2 Nxf3+ 8. Nxf3 Bd6 9. c3 O-O 10. Nd4 Bxe2 11. Qxe2 c6 12. O-O Qc7 13. h3 Qd7 14. Bd2 Rfe8 15. Rae1 Ne4 16. Bc1 a6 17. Qf3 Ng5 18. Qf5 Qe7 19. f3 h6 20. Qc2 Bc7 21. Re2 Qd6 22. f4 Ne4 23. Kh2 Qg6 24. g4 h5 25. Rg1 hxg4 26. hxg4 Kf8 27. Nf5 Red8 28. c4 Rac8 29. cxd5 cxd5 30. Qb3 b5 31. a4 Rb8 32. Rc2 Rdc8 33. Kh1 bxa4 34. Qxd5 Nf6 35. Qc5+ Ke8 36. Qe7#   {Black checkmated} 1-0

[Event "Team 45 45 League T26"]
[Site "Free Internet Chess Server"]
[Date "2005.03.17"]
[Round "1"]
[White "PawnSensei"]
[Black "Triplea"]
[Result "1-0"]
[WhiteElo "1383"]
[BlackElo "1306"]
[TimeControl "2700+45"]

1. Nf3 d5 2. g3 Nf6 3. Bg2 Nc6 4. O-O e5 5. d3 Bf5 6. Nbd2 Bd6 7. b3 O-O 8. Bb2 Re8 9. h3 e4 10. Nh4 Be5 11. Bxe5 Rxe5 12. Nxf5 Rxf5 13. dxe4 dxe4 14. Nxe4 Rd5 15. Nxf6+ gxf6 16. Bxd5   {Black resigns} 1-0

[Event "Team 45 45 League T26"]
[Site "Free Internet Chess Server"]
[Date "2005.03.19"]
[Round "1"]
[White "twotowers"]
[Black "FusterCluck"]
[Result "0-1"]
[WhiteElo "1579"]
[BlackElo "1631"]
[TimeControl "2700+45"]

1. Nf3 d5 2. g3 c5 3. Bg2 Nc6 4. O-O e5 5. d3 Nf6 6. Nbd2 Be7 7. e4 d4 8. a4 O-O 9. Nc4 Qc7 10. Nh4 Be6 11. Nf5 Rfe8 12. Nxe7+ Rxe7 13. f4 Nd7 14. f5 Bxc4 15. dxc4 Rd8 16. Bg5 f6 17. Bd2 Nb6 18. b3 Red7 19. h4 a5 20. h5 h6 21. Qg4 Kh8 22. Qh4 Rf8 23. Kh2 Nb4 24. g4 Nc8 25. Rf2 Nxc2 26. Rg1 Qb6 27. Qg3 Nb4 28. g5 fxg5 29. Bxg5 hxg5 30. Qxg5 Qh6 31. Qxh6+ gxh6 32. f6 Rdf7 33. Rgf1 Nd3 34. Rf3 Nf4   {White resigns} 0-1

[Event "Team 45 45 League T26"]
[Site "Free Internet Chess Server"]
[Date "2005.03.16"]
[Round "1"]
[White "Aul"]
[Black "clarinetref"]
[Result "1-0"]
[WhiteElo "1597"]
[BlackElo "1482"]
[TimeControl "2700+45"]

1. d4 Nf6 2. e3 e6 3. Bd3 b6 4. Nd2 Ba6 5. c4 Bb4 6. a3 Bxd2+ 7. Bxd2 d5 8. b3 O-O 9. Qc2 dxc4 10. bxc4 Bb7 11. Nf3 h6 12. O-O Nbd7 13. Ne5 c5 14. f4 cxd4 15. exd4 Re8 16. Be3 Rc8 17. Qe2 Be4 18. Rad1 Bxd3 19. Rxd3 Qe7 20. Qf3 Nxe5 21. fxe5 Nh7 22. Rc3 Rf8 23. Qg4 Ng5 24. h4 Nh7 25. Bxh6 g6 26. Bxf8 Rxf8 27. Rg3 Kh8 28. Qf4 Qe8 29. Qh6 Rg8 30. Rgf3 Rg7 31. h5 g5 32. Rg3 Qd8 33. Rg4 Kg8 34. Rd1 f5 35. exf6 Qxf6 36. Qxf6 Nxf6 37. Rg3 Nxh5 38. Re3 Rg6 39. Rde1 Ng7 40. d5 exd5 41. cxd5 Rd6 42. Rd3 Kf7 43. g4 b5 44. Rc1 Rf6 45. Rc7+ Kg6 46. Rxa7 Rf4 47. Ra6+ Kh7 48. Rh3+ Kg8 49. Ra8+ Kf7 50. Rg3 Rd4 51. Ra7+ Kg6 52. Ra6+ Kf7 53. Rd6 Ke7 54. Rg6 Kf7 55. Rxg5 Rd1+ 56. Kf2 Kf6 57. Ke2 Rb1 58. Rxg7 Kxg7 59. d6 Rb2+ 60. Kd1   {Black resigns} 1-0

[Event "Team 45 45 League T26"]
[Site "Free Internet Chess Server"]
[Date "2005.03.18"]
[Round "1"]
[White "Hartford"]
[Black "Haknor"]
[Result "1-0"]
[WhiteElo "1529"]
[BlackElo "1566"]
[TimeControl "2700+45"]

1. e4 c6 2. d3 e5 3. Nf3 Be7 4. Be2 d6 5. O-O Be6 6. c4 Nd7 7. Be3 Ngf6 8. Ng5 d5 9. f4 Bc5 10. Bxc5 Nxc5 11. fxe5 Nfd7 12. Nxe6 Nxe6 13. exd5 Nd4 14. e6 Ne5 15. Bh5 g6 16. exf7+ Nxf7 17. Qe1+ Qe7 18. Bd1 Nf5 19. Qxe7+ Nxe7 20. Nc3 O-O-O 21. Rxf7 Nf5 22. dxc6 bxc6 23. Rxa7 Kb8 24. Rf7 Rxd3 25. Ba4 Nd4 26. Kf1 Rd2 27. Rd1 Rxd1+ 28. Bxd1 Nf5 29. Be2 h5 30. Bd3 Ne3+ 31. Ke2 Re8 32. Kd2 g5 33. b3 Nxg2 34. Be4 Rd8+ 35. Kc1 Nf4 36. Bxc6 Rd3 37. Ne4 Ne2+ 38. Kb2 g4 39. Ka3 Nd4 40. Nc5 Rd2 41. Na6+ Kc8 42. Rf8#   {Black checkmated} 1-0

[Event "Team 45 45 League T26"]
[Site "Free Internet Chess Server"]
[Date "2005.03.21"]
[Round "1"]
[White "kballoloco"]
[Black "TStrobaugh"]
[Result "1-0"]
[WhiteElo "1562"]
[BlackElo "1396"]
[TimeControl "2700+45"]

1. e4 c6 2. d4 d5 3. Nc3 dxe4 4. Nxe4 Bf5 5. Ng3 Bg6 6. Nf3 Nf6 7. Bd3 Bxd3 8. Qxd3 e6 9. Bg5 Nbd7 10. O-O Be7 11. c3 O-O 12. Rfe1 Nd5 13. Bxe7 Qxe7 14. Nf5 Qf6 15. Nd6 Nf4 16. Qe4 Qg6 17. Qxf4 c5 18. Ne5 Nxe5 19. Qxe5 cxd4 20. Qxd4 Rad8 21. Qb4 e5 22. Rad1 a5 23. Qb6 Rfe8 24. Nc4 Rxd1 25. Rxd1 Qc2 26. Ne3 Qa4 27. a3 f5 28. Qxb7 f4 29. Qd5+ Kf8 30. Nf5 f3 31. Qb7 Qg4 32. Qxf3 Qxf3 33. gxf3 e4 34. fxe4 Rxe4 35. Ne3 a4 36. Rd4 Re5 37. Rxa4 h5 38. Ra8+ Kf7 39. b4 Kg6 40. Ra5 Re4 41. Rc5 Kh6 42. Ra5 h4 43. Ra7 g6 44. Kg2 Re5   {Black resigns} 1-0

[Event "Team 45 45 League T26"]
[Site "Free Internet Chess Server"]
[Date "2005.03.20"]
[Round "1"]
[White "RussoTuristo"]
[Black "Akavall"]
[Result "1-0"]
[WhiteElo "1834"]
[BlackElo "1894"]
[TimeControl "2700+45"]

1. e4 e5 2. Nf3 Nc6 3. Bb5 Nge7 4. c3 g6 5. O-O Bg7 6. d4 exd4 7. cxd4 d5 8. e5 O-O 9. h3 f6 10. Re1 fxe5 11. dxe5 Be6 12. Na3 h6 13. Nc2 Nf5 14. Bxc6 bxc6 15. Ncd4 Nxd4 16. Nxd4 Qd7 17. Qd3 c5 18. Nxe6 Qxe6 19. Be3 d4 20. Bd2 Rf5 21. f4 Rd8 22. b3 Bf8 23. Rac1 Rf7 24. g4 h5 25. gxh5 gxh5 26. Kh2 Rg7 27. Rg1 Rd7 28. Qf3 Qf5 29. h4 Rxg1 30. Rxg1+ Rg7 31. Rxg7+ Bxg7 32. Qd5+ Kh7 33. Qxc5 Qd3 34. Qc1 Qe2+ 35. Kg1 Qg4+ 36. Kf2 Qxh4+ 37. Kf3 Qd8 38. Qc2+ Kh8 39. Ke4 h4 40. Be1 Qa8+ 41. Kxd4 Qh1 42. Qe4 Qg1+ 43. Kd3 h3 44. e6 Qf1+ 45. Kc2 Qg2+ 46. Qxg2 hxg2 47. e7 g1=Q 48. e8=Q+ Kh7 49. Qh5+ Kg8 50. Qd5+ Kh7 51. Qd3+ Kg8 52. Bc3 Qf2+ 53. Qd2 Qc5 54. Qd8+ Kh7 55. Qd3+ Kg8 56. Qg3 Qf5+ 57. Kb2 Qh7 58. Ka3 Kf7 59. Qxg7+ Qxg7 60. Bxg7 Kxg7 61. Kb4   {Black resigns} 1-0

[Event "Team 45 45 League T26"]
[Site "Free Internet Chess Server"]
[Date "2005.03.22"]
[Round "1"]
[White "ButiOxa"]
[Black "mandragora"]
[Result "0-1"]
[WhiteElo "1769"]
[BlackElo "1797"]
[TimeControl "2700+45"]

1. e4 e5 2. Nf3 Nc6 3. Bb5 a6 4. Ba4 Nf6 5. O-O Nxe4 6. d4 b5 7. Bb3 d5 8. dxe5 Be6 9. c3 Be7 10. Nbd2 O-O 11. Qe2 Nc5 12. Nd4 Qd7 13. Bc2 Rae8 14. N2b3 f6 15. Qh5 f5 16. Nxc6 Qxc6 17. Nd4 Qd7 18. Bg5 Bf7 19. Qh4 Bxg5 20. Qxg5 Rxe5 21. Nxf5 Bg6 22. f4 Rexf5 23. Bxf5 Bxf5 24. Rae1 Be4 25. g4 Nd3 26. Re2 Qd8 27. Qxd8 Rxd8 28. f5 Kf7 29. h3 Kf6 30. Kh2 Ne5 31. Ra1 Re8 32. a4 Bd3 33. Rf2 Re7 34. axb5 Bxb5 35. Kg3 Nf7 36. h4 h6 37. Rd1 Nd6 38. Rg2 c6 39. Rd4 Re3+ 40. Kf4 Re4+ 41. Rxe4 Nxe4 42. g5+ hxg5+ 43. hxg5+ Ke7 44. Ke5 Nc5 45. f6+ Kf7 46. g6+ Kf8 47. f7 Ke7 48. Rh2 Nd7+ 49. Kf4 Nf8 50. Kg5 Bd3 51. Rh8 Nxg6   {White resigns} 0-1

[Event "Team 45 45 League T26"]
[Site "Free Internet Chess Server"]
[Date "2005.03.21"]
[Round "1"]
[White "RobertKaucher"]
[Black "BlkSabb"]
[Result "1/2-1/2"]
[WhiteElo "1688"]
[BlackElo "1725"]
[TimeControl "2700+45"]

1. e4 d6 2. d4 Nf6 3. Nc3 g6 4. f4 Bg7 5. Nf3 O-O 6. e5 Nfd7 7. h4 c5 8. h5 cxd4 9. Qxd4 dxe5 10. Qf2 exf4 11. Bxf4 Nf6 12. hxg6 hxg6 13. Bd3 Qa5 14. O-O-O Nh5 15. Bd2 Bxc3 16. Bxc3 Qxa2 17. Rxh5 gxh5 18. Qg3+ Bg4 19. Qf4 Qd5 20. Bh7+ Kxh7 21. Rxd5 Nc6 22. Ne5 f6 23. Nxc6 bxc6 24. Qe4+ Kg7 25. Qxe7+ Kg6 26. Qe4+ Kg7 27. Rg5+ Kf7 28. Qc4+ Be6 29. Qf4 Ke7 30. Rxh5 Rf7 31. Qc7+ Bd7   {Game drawn by mutual agreement} 1/2-1/2

[Event "Team 45 45 League T26"]
[Site "Free Internet Chess Server"]
[Date "2005.03.18"]
[Round "1"]
[White "threeNT"]
[Black "malevolentmick"]
[Result "0-1"]
[WhiteElo "1699"]
[BlackElo "1658"]
[TimeControl "2700+45"]

1. e4 c5 2. Nf3 d6 3. d4 cxd4 4. Nxd4 Nf6 5. Nc3 g6 6. Be3 Bg7 7. f3 O-O 8. Bc4 Nc6 9. Qd2 Bd7 10. O-O-O Qa5 11. h4 Rfc8 12. Bb3 Ne5 13. h5 Nxh5 14. Bh6 Bh8 15. Rxh5 gxh5 16. Qg5+ Ng6 17. Qxh5 Qxh5   {White resigns} 0-1

[Event "Team 45 45 League T26"]
[Site "Free Internet Chess Server"]
[Date "2005.03.19"]
[Round "1"]
[White "gfsg"]
[Black "chesswake"]
[Result "1-0"]
[WhiteElo "1946"]
[BlackElo "1756"]
[TimeControl "2700+45"]

1. e4 c5 2. Nf3 Nc6 3. d4 cxd4 4. c3 d6 5. Bc4 Nf6 6. e5 Nxe5 7. Nxe5 dxe5 8. O-O e6 9. f4 Qc7 10. Bb5+ Bd7 11. Bxd7+ Nxd7 12. fxe5 dxc3 13. Nxc3 Qxe5 14. Bf4 Qc5+ 15. Kh1 Qc6 16. Rc1 e5 17. Qe2 Qe6 18. Bg3 a6 19. Rfe1 f6 20. Rcd1 Bb4 21. Rd3 O-O 22. Red1 Rf7 23. Nd5 Ba5 24. b4 Bd8 25. Qc2 Nb8 26. Nf4 exf4 27. Rxd8+ Rf8 28. Rxf8+ Kxf8 29. Rd8+ Ke7 30. Qc7+ Nd7 31. Rxa8 fxg3 32. hxg3 Qd5 33. Qc2 Qd6 34. Qe4+ Kf7 35. Qe8#   {Black checkmated} 1-0

[Event "Team 45 45 League T26"]
[Site "Free Internet Chess Server"]
[Date "2005.03.19"]
[Round "1"]
[White "MStav"]
[Black "emmanuelaugustus"]
[Result "1/2-1/2"]
[WhiteElo "1697"]
[BlackElo "1766"]
[TimeControl "2700+45"]

1. d4 Nf6 2. Nf3 g6 3. Bf4 Bg7 4. h3 c5 5. c3 d5 6. e3 b6 7. Be2 Bf5 8. Bb5+ Nbd7 9. Ne5 a6 10. Bc6 Ra7 11. g4 Be4 12. f3 Bxb1 13. Rxb1 O-O 14. g5 Nxe5 15. Bxe5 Nh5 16. Bxg7 Kxg7 17. dxc5 Qc7 18. cxb6 Qxb6 19. Qd4+ Qxd4 20. exd4 Nf4 21. Ba4 Rb8 22. Bc2 Rab7 23. b3 Rc7 24. Kd2 Rbc8 25. Ke3 Rxc3+ 26. Kxf4 Rxc2 27. Rhe1 e6 28. a4 h6 29. h4 Rh2 30. Rh1 Rxh1 31. Rxh1 Rc3 32. Rb1 Rd3 33. b4 Rxd4+ 34. Kg3 a5 35. b5 Rc4 36. b6 Rc8 37. gxh6+ Kxh6 38. Rb5 Rb8 39. b7 Kg7 40. Kf4 Kf6 41. Rxa5 Rxb7 42. Ra8 e5+ 43. Ke3 Ke6 44. a5 Kd6 45. a6 Rc7 46. a7 Kc6 47. f4 exf4+ 48. Kxf4 Kb6 49. Ke5 Rd7 50. Kd4 Kb7 51. Rh8 Kxa7 52. h5 gxh5 53. Rxh5 Kb7 54. Rxd5 Rxd5+   {Game drawn by mutual agreement} 1/2-1/2

[Event "Team 45 45 League T26"]
[Site "Free Internet Chess Server"]
[Date "2005.03.20"]
[Round "1"]
[White "cerebero"]
[Black "bahus"]
[Result "0-1"]
[WhiteElo "1851"]
[BlackElo "1893"]
[TimeControl "2700+45"]

1. d4 Nf6 2. c4 c5 3. d5 b5 4. Nf3 g6 5. cxb5 a6 6. Nc3 Bg7 7. e4 d6 8. a4 O-O 9. Qc2 axb5 10. Nxb5 Na6 11. Bd2 Qb6 12. Rd1 Bg4 13. h3 Bxf3 14. gxf3 Rfc8 15. Bc3 Nb4 16. Qb3 Nd7 17. Bxg7 Kxg7 18. Be2 Qa5 19. Qc3+ Kg8 20. b3 Ne5 21. O-O g5 22. Qe3 h6 23. f4 gxf4 24. Qxf4 Kh7 25. Qf5+ Kh8 26. Kh1 Rg8 27. f4 Ng6 28. Qxf7 Raf8 29. Qe6 Rf6 30. Qd7 Rxf4 31. Rxf4 Nxf4 32. Bg4 Nbd3 33. Rf1 Qd2 34. Bf3 Nf2+ 35. Kh2 Ng4+ 36. Kg3 Qh2+ 37. Kh4 Qxh3#   {White checkmated} 0-1

[Event "Team 45 45 League T26"]
[Site "Free Internet Chess Server"]
[Date "2005.03.18"]
[Round "1"]
[White "Doubleletter"]
[Black "RomaLavrn"]
[Result "0-1"]
[WhiteElo "1724"]
[BlackElo "1825"]
[TimeControl "2700+45"]

1. d4 d5 2. Nf3 Nf6 3. Bf4 c5 4. c3 e6 5. e3 Qb6 6. Qc2 Nc6 7. Nbd2 Bd7 8. Bd3 c4 9. Be2 Be7 10. h3 Rc8 11. O-O O-O 12. Ne5 h6 13. Nxc6 bxc6 14. Nf3 c5 15. Rab1 cxd4 16. exd4 Bd6 17. Bxd6 Qxd6 18. Ne5 Rb8 19. f4 Rb6 20. f5 exf5 21. Nxd7 Qxd7 22. Qxf5 Qxf5 23. Rxf5 Rfb8 24. b4 cxb3 25. axb3 Rxb3 26. Rxb3 Rxb3 27. c4 dxc4 28. Bxc4 Rb4 29. Rc5 Rb7 30. Bd3 g6 31. d5 Rd7 32. Bc4 Kf8 33. Bb3 Ke7 34. Kh2 Kd6 35. Rc6+ Ke5 36. d6 Rxd6 37. Rxd6 Kxd6 38. Bxf7 g5 39. h4 a5 40. hxg5 hxg5 41. Ba2 a4 42. Kg3 Kc5 43. Kf3 Kd4 44. g3 a3 45. Bb3 Kc3 46. Be6 Kb2 47. Ke3 a2 48. Bxa2 Kxa2 49. Kd4 Nh5 50. g4 Nf4 51. Ke4 Kb3 52. Kf5 Nh3 53. Ke4 Kc4 54. Kf3 Kd3 55. Kg3 Nf4 56. Kf3 Kd4 57. Kg3 Ke3 58. Kh2 Kf3 59. Kg1 Kxg4 60. Kh2 Kh4 61. Kh1 Kh3 62. Kg1 g4 63. Kh1 g3 64. Kg1 g2 65. Kf2 Kh2   {White resigns} 0-1

[Event "Team 45 45 League T26"]
[Site "Free Internet Chess Server"]
[Date "2005.03.17"]
[Round "1"]
[White "zcomcon"]
[Black "RFFISCHER"]
[Result "1-0"]
[WhiteElo "1750"]
[BlackElo "1662"]
[TimeControl "2700+45"]

1. e4 c5 2. Nf3 Nc6 3. g3 e5 4. d3 Nf6 5. Bg2 Be7 6. Nbd2 b5 7. a3 d6 8. O-O O-O 9. Re1 Bg4 10. h3 Bxf3 11. Nxf3 Ne8 12. Kh2 Rb8 13. Rf1 a6 14. c3 Nc7 15. d4 cxd4 16. cxd4 exd4 17. Nxd4 Ne5 18. Nf5 Ne8 19. Nxe7+ Qxe7 20. b3 Qe6 21. Rb1 Nf6 22. Bb2 Rbc8 23. h4 Nfg4+ 24. Kg1 h5 25. Bh3 Rfd8 26. f3 Nxf3+ 27. Qxf3 Rf8 28. Rbc1 f6 29. b4 Qa2 30. Bxg4 hxg4 31. Qf2 Qe6 32. Qe1 Rxc1 33. Bxc1 Qb3 34. Qe3 Qxe3+ 35. Bxe3 Re8 36. Bf4 Rxe4 37. Bxd6 Re3 38. Ra1 Re6 39. Bc5 Kf7 40. a4 bxa4 41. Rxa4 f5 42. Ra2 Kg6 43. Kf2 Kf7 44. Re2 Rxe2+ 45. Kxe2 g6 46. Ke3 Ke6 47. Kf4 Kf7 48. Kg5 Kg7 49. Bd4+ Kf7 50. Bc3 Ke6 51. Kxg6 f4 52. gxf4 g3 53. Bd4 Kd5 54. Bg1 Kc4 55. f5 Kxb4 56. f6 a5 57. f7 a4 58. f8=Q+   {Black resigns} 1-0

[Event "Team 45 45 League T26"]
[Site "Free Internet Chess Server"]
[Date "2005.03.20"]
[Round "1"]
[White "MattBinMi"]
[Black "alexeypopov"]
[Result "0-1"]
[WhiteElo "1554"]
[BlackElo "1567"]
[TimeControl "2700+45"]

1. e4 e5 2. Bc4 Nf6 3. d4 exd4 4. Nf3 Nxe4 5. Qxd4 Nf6 6. Nc3 Nc6 7. Qh4 Be7 8. O-O O-O 9. Bg5 d5 10. Bd3 h6 11. Bxf6 Bxf6 12. Qf4 Re8 13. Rad1 Ne7 14. Rfe1 c6 15. Ne5 d4 16. Ne4 Nd5 17. Nxf6+ Qxf6 18. Qxf6 Nxf6 19. Nf3 Rxe1+ 20. Rxe1 Bd7 21. Nxd4 Re8 22. Rxe8+ Bxe8 23. Nf5 Kf8 24. Nd6 b6 25. Nc8 Nd5 26. Nxa7 Nb4 27. a3 Nxd3 28. cxd3 b5 29. Kf1 Bd7 30. Ke2 Ke7 31. Ke3 Kd8 32. Kd4 Kc7 33. Kc5 Kb7 34. Nxb5 cxb5 35. Kd6 Kc8 36. Ke7 Be6 37. Kf8 g6 38. Kg7 h5 39. Kf6 Kc7 40. Ke5 Kc6 41. d4 Bd5 42. g3 Bc4 43. b4 Kd7 44. d5 Ke7 45. f4 f6+ 46. Kd4 Kd6 47. h3 Bxd5 48. h4 Bc4 49. Kc3 Ke6 50. Kd4 Kf5 51. Ke3 g5 52. hxg5 fxg5 53. fxg5 Kxg5 54. Kf3 Bd5+ 55. Kf2 Kg4 56. Kg1 Kxg3 57. Kf1 h4 58. Kg1 h3   {White resigns} 0-1

[Event "Team 45 45 League T26"]
[Site "Free Internet Chess Server"]
[Date "2005.03.18"]
[Round "1"]
[White "AlefZero"]
[Black "Nogger"]
[Result "1/2-1/2"]
[WhiteElo "2211"]
[BlackElo "2145"]
[TimeControl "2700+45"]

1. e4 e6 2. d4 d5 3. Nc3 Nf6 4. Bg5 dxe4 5. Nxe4 Be7 6. Bxf6 gxf6 7. Nf3 b6 8. Bd3 Bb7 9. Qe2 Nd7 10. O-O c6 11. Rfe1 Qc7 12. a4 a5 13. Ng3 Nf8 14. d5 cxd5 15. Bb5+ Nd7 16. Nf5 Bf8 17. N5d4 O-O-O 18. Ba6 Kb8 19. Bxb7 Kxb7 20. Nb5 Qc4 21. Qxc4 dxc4 22. Re4 Ne5 23. Nxe5 fxe5 24. Rxc4 Bc5 25. Nc3 f5 26. Re1 Rd2 27. Re2 Rxe2 28. Nxe2 Rd8 29. g3 Rd2 30. Kf1 Rd1+ 31. Kg2 Rd2 32. Kf1 Rd1+ 33. Kg2 Rd2 34. Kf1   {Game drawn by mutual agreement} 1/2-1/2

[Event "Team 45 45 League T26"]
[Site "Free Internet Chess Server"]
[Date "2005.03.18"]
[Round "1"]
[White "Bengbula"]
[Black "CamyC"]
[Result "1-0"]
[WhiteElo "2082"]
[BlackElo "1967"]
[TimeControl "2700+45"]

1. d4 d5 2. Nf3 Nf6 3. c4 e6 4. g3 Be7 5. Bg2 O-O 6. O-O dxc4 7. Qc2 a6 8. Rd1 c5 9. Bf4 Nbd7 10. Nbd2 Nd5 11. Nxc4 b5 12. Ne3 Nxf4 13. gxf4 Bb7 14. dxc5 Qc7 15. Ng5 Bxg5 16. Rxd7 Qxd7 17. c6 Rac8 18. cxd7 Rxc2 19. Nxc2 Bxg2 20. Kxg2 Bxf4 21. Nb4 f6 22. Rd1 Bc7 23. Nxa6 Bd8 24. Nb8 Kf7 25. Nc6 Rh8 26. b3   {Black resigns} 1-0

[Event "Team 45 45 League T26"]
[Site "Free Internet Chess Server"]
[Date "2005.03.20"]
[Round "1"]
[White "ryoshu"]
[Black "fege"]
[Result "0-1"]
[WhiteElo "1876"]
[BlackElo "2112"]
[TimeControl "2700+45"]

1. e4 e6 2. d4 d5 3. Nc3 Bb4 4. e5 c5 5. a3 Bxc3+ 6. bxc3 Ne7 7. Qg4 O-O 8. Bd3 f5 9. exf6 Rxf6 10. Bg5 Rf7 11. Qh4 h6 12. Bxe7 Rxe7 13. Nf3 e5 14. dxe5 Rxe5+ 15. Kd2 Qxh4 16. Nxh4 Nc6 17. f4 Re8 18. Rae1 Bd7 19. Nf3 Kf7 20. h3 c4 21. Be2 Re4 22. Rhf1 Rae8 23. Nh2 g6 24. Bf3 Rxe1 25. Rxe1 Rxe1 26. Kxe1 Ne7 27. Kd2 Ke6 28. Nf1 Kd6 29. Ne3 b5 30. h4 h5 31. Ke2 a5 32. Kd2 Be6 33. g3 Kc5 34. Bg2 Nf5 35. Nxf5 Bxf5 36. Bf3 Be6 37. Bg2 d4 38. cxd4+ Kxd4 39. c3+ Kc5 40. Be4 Bf5 41. Bf3 b4 42. axb4+ axb4 43. cxb4+ Kxb4 44. Bd5 c3+ 45. Kd1 Kc5 46. Bf7 Kd4 47. Ke2 Bd3+ 48. Kd1 Ke3   {White resigns} 0-1

[Event "Team 45 45 League T26"]
[Site "Free Internet Chess Server"]
[Date "2005.03.19"]
[Round "1"]
[White "LNO"]
[Black "Mekk"]
[Result "0-1"]
[WhiteElo "1867"]
[BlackElo "1722"]
[TimeControl "2700+45"]

1. e4 c5 2. d4 cxd4 3. c3 Nf6 4. e5 Nd5 5. cxd4 e6 6. Nf3 d6 7. Bd3 Nc6 8. O-O Qc7 9. Re1 Be7 10. Nc3 Nxc3 11. bxc3 dxe5 12. dxe5 b6 13. Bf4 Bb7 14. Nd4 Nxd4 15. cxd4 O-O 16. Rc1 Qd7 17. Qh5 g6 18. Qg4 Rac8 19. Bh6 Rxc1 20. Rxc1 Rc8 21. Rd1 Qa4 22. h4 Bxh4 23. Bb5 Qc2 24. Rd2 Qb1+ 25. Rd1 Qe4 26. Qxe4 Bxe4 27. f3 Bd5 28. Rd2 Be7 29. a4 Bf8 30. Bg5 h6 31. Bf6 Bg7 32. Be7 Bf8 33. Bf6 Rc7 34. Kf2 Bg7 35. Bd8 Rc8 36. Be7 h5 37. Ba6 Rc3 38. Bb4 Rc1 39. Bb5 Bh6 40. Rb2 h4 41. Be7 h3 42. gxh3 Rc3 43. Be2 Be3+ 44. Kg2 Bxd4 45. a5 Rxf3 46. Bxf3 Bxf3+ 47. Kxf3 Bxb2 48. axb6 axb6 49. Bd6 Kg7 50. Ke4 f5+ 51. Kf3 g5 52. Bc7 Bd4 53. Bd6 Kf7 54. Bb8 Ke7 55. Bd6+ Kd7 56. Bb8 Kc6 57. Bd6 Kd5   {White resigns} 0-1

[Event "Team 45 45 League T26"]
[Site "Free Internet Chess Server"]
[Date "2005.03.20"]
[Round "1"]
[White "BladezII"]
[Black "Regnmanden"]
[Result "1/2-1/2"]
[WhiteElo "2141"]
[BlackElo "2239"]
[TimeControl "2700+45"]

1. e4 c6 2. c4 d5 3. exd5 cxd5 4. cxd5 Nf6 5. Qa4+ Nbd7 6. Nc3 g6 7. Be2 Bg7 8. Nf3 O-O 9. d6 exd6 10. O-O Nc5 11. Qa3 Re8 12. d4 Nce4 13. Be3 Bd7 14. Nd2 Bc6 15. Ndxe4 Nxe4 16. Rad1 d5 17. Rfe1 a6 18. Nxe4 Rxe4 19. Bf3 Re8 20. Rc1 Qb6 21. Qc3 f5 22. Red1 Bf8 23. Bf4 Rad8 24. h4 Bb4 25. Qb3 Qa5 26. a3 Be7 27. h5 Ba4 28. Qxb7 Bxd1 29. Rxd1 Qb5 30. Qc7 g5 31. h6 Qd7 32. Qe5 Bf8 33. Qf6 gxf4 34. Qg5+ Kh8 35. Qf6+   {Game drawn by mutual agreement} 1/2-1/2

[Event "Team 45 45 League T26"]
[Site "Free Internet Chess Server"]
[Date "2005.03.20"]
[Round "1"]
[White "adingod"]
[Black "Ninaber"]
[Result "1/2-1/2"]
[WhiteElo "1717"]
[BlackElo "2102"]
[TimeControl "2700+45"]

1. d4 Nf6 2. Nf3 e6 3. Nbd2 d5 4. e3 Bd6 5. Bd3 O-O 6. O-O c5 7. c3 Nc6 8. e4 cxd4 9. cxd4 Nb4 10. Bb1 dxe4 11. Nxe4 Be7 12. Re1 Nfd5 13. a3 Nc6 14. Qd3 f5 15. Nc3 Qd6 16. Nb5 Qd8 17. Ba2 a6 18. Nc3 Qd6 19. Nxd5 exd5 20. Qb3 Rd8 21. Bd2 Bf6 22. Qd3 Be6 23. Rad1 Re8 24. Bg5 Bf7 25. Qxf5 Nxd4 26. Nxd4 Bxd4 27. b4 Rxe1+ 28. Rxe1 g6 29. Qd3 Be5 30. h3 Rc8 31. Bd2 Bg7 32. Bb3 b5 33. Qf3   {Game drawn by mutual agreement} 1/2-1/2

[Event "Team 45 45 League T26"]
[Site "Free Internet Chess Server"]
[Date "2005.03.18"]
[Round "1"]
[White "gracey"]
[Black "qire"]
[Result "1-0"]
[WhiteElo "2021"]
[BlackElo "2011"]
[TimeControl "2700+45"]

1. e4 c5 2. Nf3 d6 3. c3 Nf6 4. h3 Nc6 5. Bd3 e6 6. O-O Qc7 7. Qe2 Be7 8. Bc2 d5 9. e5 Nd7 10. d4 b6 11. Ba4 h6 12. Nbd2 a6 13. Re1 b5 14. Bd1 Bb7 15. Nb3 c4 16. Nbd2 b4 17. Bc2 a5 18. Qe3 a4 19. cxb4 Nxb4 20. Bb1 Qb6 21. a3 Nc6 22. Ra2 Na5 23. Ra1 Nb8 24. Bc2 Nb3 25. Nxb3 cxb3 26. Bd3 Nc6 27. Bd2 Na5 28. Rec1 O-O 29. Qf4 Rfc8 30. Qg4 Kf8 31. Bh7 f5 32. Qg6 Rxc1+ 33. Rxc1 Bxa3 34. bxa3 Rc8 35. Re1 b2 36. Bb4+ Qxb4 37. axb4 Nc4 38. Qxe6 Rc7 39. Nh4 g5 40. Ng6+ Kg7 41. Qg8#   {Black checkmated} 1-0

[Event "Team 45 45 League T26"]
[Site "Free Internet Chess Server"]
[Date "2005.03.20"]
[Round "1"]
[White "Louro"]
[Black "Darmik"]
[Result "1-0"]
[WhiteElo "1887"]
[BlackElo "2133"]
[TimeControl "2700+45"]

1. e4 c5 2. Nf3 Nc6 3. d4 cxd4 4. Nxd4 Nf6 5. Nc3 e5 6. Ndb5 d6 7. Bg5 a6 8. Na3 b5 9. Nd5 Be7 10. Bxf6 Bxf6 11. c3 Bg5 12. Nc2 O-O 13. a4 bxa4 14. Rxa4 a5 15. Na3 Rb8 16. Nc4 Be6 17. Be2 Ne7 18. O-O Bxd5 19. exd5 Rb5 20. Qa1 Rxd5 21. Rxa5 Rxa5 22. Qxa5 Qxa5 23. Nxa5 d5 24. Rd1 Rb8 25. b4 f5 26. c4 Rxb4 27. cxd5 Rd4 28. Rxd4 exd4 29. d6 Nc8 30. Nb7 Nb6 31. Bb5 Kf8 32. Kf1 Nd5 33. d7 d3 34. Bxd3 Nb4 35. Bxf5 g6 36. Be4   {Black resigns} 1-0